 Dungeon Crawl Stone Soup version 0.32-a0-871-ge202e49faa (webtiles) character file.

Game seed: 17834786244066064231

5911 ezpacito the Chopper (level 10, -10/77 HPs)
             Began as a Coglin Chaos Knight on Mar 29, 2024.
             Was a Plaything of Xom.
             Killed from afar by a gargoyle (15 damage)
             ... with a stone arrow
             ... on level 11 of the Dungeon.
             The game lasted 00:17:01 (10214 turns).

ezpacito the Chopper (Coglin Chaos Knight)         Turns: 10214, Time: 00:17:02

Health: -10/77     AC:  7    Str: 15 (16) XL:     10   Next: 82%
Magic:  13/13      EV: 10    Int: 14 (16) God:    Xom [*.....]
Gold:   208        SH:  0    Dex: 10      Spells: 2/15 levels left

rFire   + . .        a - +1 hand axe (chaos) {Somchai}
rCold   + . .        n - +2 whip (drain) {Yan}
rNeg    . . .        b - +1 scale mail {rC+}
rPois   .            (helmet restricted)
rElec   .            E - +0 cloak
rCorr   .            (no gloves)
SInv    .            s - +0 pair of boots
Will    .....        (amulet unavailable)
Stlth   +            (ring unavailable)
HPRegen 0.00/turn    (ring unavailable)
MPRegen 0.13/turn    (no gizmo)

%: random rage (3%)
@: corroded, inhibited regen, studying Translocations
A: off-hand wielding, slow wielding, warmup strikes, no jewellery, horns 1,
berserk 1, clever 1, clumsy 1, deterioration 1, fire resistance 1, low MP 1,
inhibited regeneration, persistent drain
a: Invent Gizmo, Renounce Religion


You were on level 11 of the Dungeon.
You worshipped Xom.
You were a special plaything of Xom.
You visited 2 branches of the dungeon, and saw 12 of its levels.
You also visited: Sewer and Ossuary.

You collected 658 gold pieces.
You spent 450 gold pieces at shops.

Inventory:

Hand Weapons
 a - a +1 hand axe of chaos (weapon) {Somchai}
 k - a +0 war axe
 l - a +0 trident
 n - a +2 whip of draining (offhand) {Yan}
Missiles
 j - 20 poisoned darts (quivered)
 J - a throwing net
 K - a javelin
 L - 3 boomerangs
 N - 2 curare-tipped darts
Armour
 b - a +1 scale mail of cold resistance (worn)
 p - a +2 helmet
 s - a +0 pair of boots (worn)
 E - a +0 cloak (worn)
 M - a +0 plate armour
Magical Staves
 x - a staff of fire
 A - a staff of air
Talismans
 h - a maw talisman
 r - a blade talisman
Wands
 D - a wand of digging (16)
Scrolls
 c - a scroll of acquirement {unknown}
 e - a scroll of amnesia {unknown}
 g - a scroll of fear
 m - a scroll of immolation
 t - 3 scrolls of teleportation
 u - a scroll of torment
 y - a scroll of silence {unknown}
 z - 2 scrolls of poison
 B - a scroll of blinking
 C - a scroll of fog
 F - a scroll of brand weapon {unknown}
 I - a scroll of revelation
Potions
 f - 3 potions of enlightenment
 o - 6 potions of lignification
 v - a potion of magic
 w - 3 potions of attraction
 G - 2 potions of brilliance


   Skills:
 * Level 6.8 Fighting
 * Level 6.8(7.9) Axes
 * Level 5.3(6.7) Polearms
 * Level 5.8 Armour
 * Level 5.5 Dodging
 + Level 3.7 Stealth
 + Level 1.6 Unarmed Combat
 + Level 3.3 Spellcasting
 + Level 4.7 Translocations
 + Level 4.4 Evocations


You had 2 spell levels left.
You knew the following spells:

 Your Spells              Type           Power      Damage    Failure   Level
a - Gell's Gavotte        Tloc           7%         2d(14-21) 100%        6
b - Teleport Other        Tloc           15%        N/A       30%         3
c - Maxwell's Portable P  Tloc           15%        2d(7-14)  69%         4

Your spell library contained the following spells:

 Spells                   Type           Power      Damage    Failure   Level
 Sandblast                Erth           4%         2d4       56%         1
 Hailstorm                Conj/Ice       2%         3d5       91%         3
 Stone Arrow              Conj/Erth      4%         3d7       91%         3
 Summon Ice Beast         Ice/Summ       2%         N/A       91%         3
 Animate Dead             Necr           2%         N/A       100%        4
 Brom's Barrelling Bould  Conj/Erth      2%         2d3       100%        4
 Summon Blazeheart Golem  Fire/Summ      2%         N/A       100%        4
 Summon Lightning Spire   Summ/Air       2%         N/A       100%        4
 Arcjolt                  Conj/Air       1%         1d11      100%        5
 Borgnjor's Vile Clutch   Necr/Erth      1%         N/A       100%        5
 Death Channel            Necr           1%         N/A       100%        6
 Dispersal                Tloc           7%         N/A       100%        6
 Permafrost Eruption      Ice/Erth       1%         2x4d2     100%        6
 Sculpt Simulacrum        Ice/Alch       1%         N/A       100%        6
 Starburst                Conj/Fire      1%         6d3       100%        6
 Maxwell's Capacitive Co  Air            1%         ∞         100%        8


Dungeon Overview and Level Annotations

Branches:
Dungeon (11/15)            Temple (1/1) D:6            Lair (0/5) D:9
  Sewer (visited)         Ossuary (visited)
    Orc: D:9-12

Altars:
Ashenzari
Cheibriados
Dithmenos
Elyvilon
Fedhas
Gozag
Hepliaklqana
Kikubaaqudgha
Makhleb
Nemelex Xobeh
Okawaru
Qazlal
Ru
Sif Muna
Trog
Uskayaw
Vehumet
Wu Jian
Xom
Yredelemnul
Zin
The Shining One
Ignis

Shops:
D:3 [=   D:6 ?   D:7 *   D:8 :   D:10 :

Annotations:
D:8 2 runed translucent doors, croobank's ghost, novice DgIE


Innate Abilities, Weirdness & Mutations

You can wield a second weapon in your off-hand.
It takes a long time for you to wield or remove held weapons.
Your first few attacks do less damage.
You cannot equip rings or amulets.
You have a pair of small horns on your head.
You sometimes lose your temper in combat.
Your mind is acute. (Int +4, Str/Dex -1)
You are clumsy. (Dex -2)
Your body sometimes deteriorates upon taking damage.
Your flesh is heat resistant. (rF+)
Your magical capacity is low. (-10% MP)
You do not regenerate when monsters are visible.
Your health recovers twice as slowly from being drained.


Message History

You whack the wraith with your +2 whip of draining!
The wraith is almost destroyed.
You hit the wraith with your +1 hand axe of chaos.
You destroy the wraith!
There is a stone staircase leading down, spattered with blood here.
You feel a strong urge to attack something.
Things that are here:
a +1 dagger of speed; a +0 robe
Okay, then.
You start resting.
You feel your anger nearly subside.
You are no longer berserk.
You are exhausted.
You feel as though you will be slow longer.
You now have 52/77 hp.
You start resting.
You recover from your berserk rage.
You regained 11 hp, and now have 63/77 hp.
Okay, then.
There is a stone staircase leading down, spattered with blood here.
You start resting.
You feel yourself speed up.
You regained 8 hp, and now have 71/77 hp.
You climb downwards.
An orc wizard comes into view. It is wielding a +0 dagger.
The acid dragon spits acid at you. The splash of acid hits you!!
The orc wizard gestures at you while chanting.
The puff of flame hits you but does no damage.
There is a stone staircase leading up, spattered with blood here.
You take 29 damage, and have 42/77 hp.
MASSIVE DAMAGE!!
Okay, then.
The wraith hits the gargoyle but does no damage.
The acid dragon spits acid at you. The splash of acid hits you!!!
* * * LOW HITPOINT WARNING * * *
The acid corrodes you!
The gargoyle hurls a stone arrow at you.
The stone arrow hits you!
You die...
Xom roars with laughter!

............
..............
.............
.......$.>(. #.
##...........
#.###...........#
#..#...........#.
.#......@.........
.........9W...#.
........D....##
.............#
.......[)....#
#.....[...####
.........o#
............
............#


You could see an acid dragon (catching breath), a gargoyle, an orc wizard and a
neutral wraith (distracted).

Vanquished Creatures
  Pikel (D:7)
  A komodo dragon (D:10)
  A hornet (D:10)
  Grinder (D:3)
  3 wraiths
  A wyvern (D:4)
  3 yaks (D:9)
  2 orc warriors
  2 sky beasts
  3 black bears
  A wolf (D:8)
  2 centaurs
  A lemure (D:7)
  4 kobold brigands
  3 bullfrogs
  2 brain worms (Sewer)
  3 scorpions
  A gnoll sergeant (D:7)
  4 killer bees (D:8)
  4 vampire bats (D:4)
  4 howler monkeys
  5 hounds
  A bombardier beetle (D:5)
  A jelly (D:5)
  5 orc priests
  5 iguanas
  3 sleepcaps
  5 orc wizards
  A statue (D:7)
  8 mummies (Ossuary)
  4 gnolls (D:7)
  13 adders
  4 shadow imps
  2 white imps
  2 ufetubi (D:6)
  4 dart slugs
  A ribbon worm (D:4)
  33 orcs
  14 ball pythons
  5 bats
  A bat skeleton (D:4)
  4 bat zombies (D:4)
  8 endoplasms
  4 giant cockroaches
  A goblin (D:2)
  11 hobgoblins
  4 jackals (D:3)
  2 quokkas
  5 frilled lizards
  2 gnoll zombies (Ossuary)
  2 hobgoblin zombies (Ossuary)
  24 kobolds
  2 kobold zombies (Ossuary)
  2 orc zombies (Ossuary)
  5 rats
240 creatures vanquished.

Vanquished Creatures (collateral kills)
  2 yaks (D:9)
  A warg (D:9)
  A wolf (D:9)
  An orc priest (D:9)
5 creatures vanquished.

Vanquished Creatures (others)
  An orc wizard (D:11)
  A kobold (D:7)
  An orc zombie (D:7)
3 creatures vanquished.

Grand Total: 248 creatures vanquished

Notes
Turn   | Place    | Note
-------+----------+-------------------------------------------
     0 | D:1      | ezpacito the Coglin Chaos Knight began the quest for the
                  | Orb.
     0 | D:1      | Reached XP level 1. HP: 18/18 MP: 1/1
    35 | D:1      | Reached skill level 1 in Dodging
    36 | D:1      | Reached XP level 2. HP: 13/24 MP: 2/2
   479 | D:1      | Reached XP level 3. HP: 29/29 MP: 3/3
   818 | D:2      | Reached XP level 4. HP: 33/35 MP: 4/4
   988 | D:2      | Reached skill level 1 in Polearms
  1670 | D:3      | Identified the +0 robe of Starshine {Harm rN+ Slay+3
                  | Stlth+}
  1691 | D:3      | XOM: smoke on damage
  1740 | D:3      | Noticed Grinder
  1740 | D:3      | XOM: 2-stop teleportation journey
  1741 | D:3      | XOM: silly message
  1759 | D:3      | Paralysed by Grinder for 4 turns
  1763 | D:3      | XOM: cast spell 'Fugue of the Fallen'
  1765 | D:3      | Killed Grinder
  1766 | D:3      | Reached skill level 1 in Stealth
  1766 | D:3      | Reached skill level 1 in Spellcasting
  1766 | D:3      | Reached XP level 5. HP: 9/42 MP: 6/6
  1766 | D:3      | Reached XP level 6. HP: 10/48 MP: 7/7
  1917 | D:3      | XOM: cloud trail
  1976 | D:3      | Found Tuot's Antique Armour Shop.
  2173 | D:3      | Found Qep Suv's Jewellery Shop.
  2618 | D:4      | Learned a level 6 spell: Gell's Gavotte
  2662 | D:4      | XOM: potion effect (curing)
  2666 | D:4      | XOM: potion effect (might)
  2668 | D:4      | XOM: blink monster(s)
  2671 | D:4      | Reached XP level 7. HP: 40/54 MP: 7/9
  2736 | D:4      | Found a glowing drain.
  2757 | Sewer    | Entered a sewer
  2837 | Sewer    | XOM: 5-stop teleportation journey
  2841 | Sewer    | XOM: summons 3 hostile shadow creatures
  2971 | Sewer    | XOM: summons 4 hostile shadow creatures
  3162 | Sewer    | XOM: 4-stop teleportation journey
  3173 | Sewer    | XOM: silly message
  3370 | D:4      | Noticed a wyvern
  3383 | D:4      | Killed a wyvern
  3384 | D:4      | Reached skill level 1 in Translocations
  3606 | D:4      | Found an ancient bone altar of Kikubaaqudgha.
  3607 | D:4      | XOM: potion effect (brilliance)
  3614 | D:4      | Reached skill level 1 in Evocations
  3640 | D:4      | Reached XP level 8. HP: 58/61 MP: 10/10
  3772 | D:4      | XOM: silly message
  4094 | D:5      | Entered Level 5 of the Dungeon
  4107 | D:5      | Got the Atlas of the Endless Moons
  4227 | D:5      | Learned a level 3 spell: Teleport Other
  4358 | D:5      | XOM: silly message
  4381 | D:5      | XOM: silly message
  4589 | D:5      | XOM: potion effect (berserk rage)
  4591 | D:5      | Reached skill level 5 in Axes
  4609 | D:5      | XOM: divination: detect items
  4787 | D:5      | XOM: silly message
  4794 | D:5      | Reached skill level 5 in Fighting
  4927 | D:5      | XOM: give mutations
  4927 | D:5      | Gained mutation: You have a pair of small horns on your
                  | head. [Xom's mischief]
  4927 | D:5      | Gained mutation: Your natural rate of healing is unusually
                  | fast. [Xom's mischief]
  5136 | D:5      | XOM: scenery: 1 doors close
  5202 | D:6      | Found a sand-covered staircase.
  5229 | D:6      | XOM: smoke on damage
  5235 | D:6      | Found a staircase to the Ecumenical Temple.
  5237 | D:6      | XOM: 4-stop teleportation journey
  5258 | D:6      | Found Zivefuw's Magic Scroll Shop.
  5261 | D:6      | Bought a scroll of blinking for 105 gold pieces
  5261 | D:6      | Bought a scroll of identify for 28 gold pieces
  5261 | D:6      | Bought a scroll of fog for 56 gold pieces
  5280 | Temple   | Entered the Ecumenical Temple
  5332 | Ossuary  | Entered an ossuary
  5365 | Ossuary  | XOM: cleaving
  5632 | D:6      | Reached XP level 9. HP: 68/68 MP: 12/12
  5827 | D:6      | XOM: cloud trail
  5986 | D:6      | XOM: cloud trail
  6523 | D:7      | XOM: noise
  6526 | D:7      | Noticed Pikel
  6528 | D:7      | XOM: noise
  6545 | D:7      | Killed Pikel
  6596 | D:7      | Found Heblin's Assorted Antiques.
  6643 | D:7      | Bought a scroll of identify for 48 gold pieces
  6643 | D:7      | Bought a scroll labelled EWITOU BAIS for 24 gold pieces
  6643 | D:7      | Bought a runed scale mail for 168 gold pieces
  6643 | D:7      | Bought a smoky brown potion for 21 gold pieces
  6699 | D:7      | XOM: potion effect (haste)
  6745 | D:7      | Found an ornate altar of the Wu Jian Council.
  6745 | D:7      | Found a shimmering blue altar of Sif Muna.
  6746 | D:7      | Found a sparkling altar of Nemelex Xobeh.
  6777 | D:7      | Found a white marble altar of Elyvilon.
  6859 | D:7      | XOM: noise
  6896 | D:7      | XOM: god gift: javelin
  6944 | D:7      | Found an opulent altar of Gozag.
  6945 | D:7      | Found a shadowy altar of Dithmenos.
  6962 | D:7      | XOM: god gift: plate armour {god gift}
  7005 | D:7      | Found a radiant altar of Vehumet.
  7081 | D:7      | Found a glowing golden altar of the Shining One.
  7091 | D:7      | Learned a level 4 spell: Maxwell's Portable Piledriver
  7158 | D:8      | Reached skill level 5 in Armour
  7193 | D:8      | Found a blossoming altar of Fedhas.
  7215 | D:8      | XOM: divination: detect creatures
  7325 | D:8      | XOM: enchant monster (good)
  7328 | D:8      | XOM: potion effect (brilliance)
  7333 | D:8      | Reached XP level 10. HP: 76/76 MP: 14/14
  7465 | D:8      | Found Hinomura's Book Shop.
  7513 | D:8      | Found a large runed translucent door.
  7513 | D:8      | Found a large runed translucent door.
  7522 | D:8      | Noticed croobank's ghost (novice DgIE)
  7530 | D:8      | XOM: give mutations
  7530 | D:8      | Gained mutation: You are frail. (-10% HP) [Xom's mischief]
  7530 | D:8      | Gained mutation: Your flesh is heat resistant. (rF+) [Xom's
                  | mischief]
  7530 | D:8      | Gained mutation: You occasionally lose the ability to drink
                  | potions when taking damage. [Xom's mischief]
  7968 | D:9      | XOM: cast spell 'Summon Cactus Giant'
  7984 | D:9      | XOM: cast spell 'Summon Cactus Giant'
  7984 | D:9      | XOM: butterfly on damage
  7992 | D:9      | Reached skill level 1 in Unarmed Combat
  7995 | D:9      | Reached skill level 5 in Dodging
  7999 | D:9      | Reached skill level 5 in Polearms
  8384 | D:9      | Found a staircase to the Lair.
  8562 | D:10     | Entered Level 10 of the Dungeon
  8565 | D:10     | Found Agobb's Book Emporium.
  8612 | D:10     | XOM: give mutations
  8612 | D:10     | Gained mutation: You are very frail. (-20% HP) [Xom's
                  | mischief]
  8612 | D:10     | Gained mutation: You occasionally lose the ability to read
                  | scrolls when taking damage. [Xom's mischief]
  8612 | D:10     | Gained mutation: Your body sometimes deteriorates upon
                  | taking damage. [Xom's mischief]
  8612 | D:10     | Lost mutation: You occasionally lose the ability to drink
                  | potions when taking damage. [Xom's mischief]
  8613 | D:10     | Lost mutation: Your natural rate of healing is unusually
                  | fast. [potion of mutation]
  8613 | D:10     | Lost mutation: You have a pair of small horns on your head.
                  | [potion of mutation]
  8613 | D:10     | Lost mutation: You are very frail. (-20% HP) [potion of
                  | mutation]
  8613 | D:10     | Gained mutation: Your muscles are strong. (Str +4, Int/Dex
                  | -1) [potion of mutation]
  8613 | D:10     | Gained mutation: You are partially covered in iridescent
                  | scales. (AC +2) [potion of mutation]
  8614 | D:10     | Lost mutation: You are frail. (-10% HP) [potion of
                  | mutation]
  8614 | D:10     | Lost mutation: Your muscles are strong. (Str +4, Int/Dex
                  | -1) [potion of mutation]
  8614 | D:10     | Gained mutation: You are agile. (Dex +4, Str/Int -1)
                  | [potion of mutation]
  8614 | D:10     | Gained mutation: Your health recovers twice as slowly from
                  | being drained. [potion of mutation]
  8614 | D:10     | Gained mutation: Your magical capacity is low. (-10% MP)
                  | [potion of mutation]
  8832 | D:10     | XOM: give mutations
  8832 | D:10     | Lost mutation: You are partially covered in iridescent
                  | scales. (AC +2) [Xom's mischief]
  8832 | D:10     | Gained mutation: Your mind is acute. (Int +4, Str/Dex -1)
                  | [Xom's mischief]
  8832 | D:10     | Lost mutation: You occasionally lose the ability to read
                  | scrolls when taking damage. [Xom's mischief]
  8832 | D:10     | Lost mutation: You are agile. (Dex +4, Str/Int -1) [Xom's
                  | mischief]
  8911 | D:10     | XOM: summons 3 hostile shadow creatures
  8912 | D:10     | Noticed a two-headed ogre
  9042 | D:10     | XOM: summons 6 hostile demons
  9224 | D:10     | XOM: stat loss: -1 Int (15/16)
  9291 | D:10     | Identified the +9 long sword of Purpose {speed, Dex+3}
 10009 | D:11     | Noticed a gargoyle
 10025 | D:11     | XOM: potion effect (attraction)
 10155 | D:10     | XOM: divination: detect creatures
 10163 | D:10     | XOM: give mutations
 10163 | D:10     | Gained mutation: You sometimes lose your temper in combat.
                  | [Xom's mischief]
 10163 | D:10     | Gained mutation: You have a pair of small horns on your
                  | head. [Xom's mischief]
 10163 | D:10     | Gained mutation: You do not regenerate when monsters are
                  | visible. [Xom's mischief]
 10163 | D:10     | Gained mutation: You are clumsy. (Dex -2) [Xom's mischief]
 10214 | D:11     | Killed from afar by a gargoyle

Illustrated notes

Levels and vault maps discovered:
D:1:      dpeg_arrival_short_road, layout_basic, serial_forest,
          infiniplex_forest_clump_small, infiniplex_forest_straight_2,
          infiniplex_forest_lined_2, infiniplex_forest_lined_room_
D:2:      wander_river, layout_loops_cross
D:3:      layout_loops_ring, serial_shops, shop_statue,
          nicolae_shop_behind_doors, uniq_grinder
D:4:      layout_layer_cave, kennysheep_vampire_church,
          cheibrodos_sewer_entry_bend, minmay_manual_mess
D:5:      layout_basic, serial_library_hellmonk_u_bend
D:6:      layout_cave_pods, minmay_temple_entry_mini_moons,
          nicolae_ossuary_entry_ruins, serial_shops,
          nicolae_shop_real_fake_doors
D:7:      layout_rooms, tso_altar, vehumet_statue, mainiacjoe_overflow_alcove_4,
          nicolae_overflow_hidden_temple, serial_shops, shop, uniq_pikel
D:8:      layout_loops_ring, fedhas_ov_isle_minmay, ebering_ghost_disaster_area,
          serial_shops, nicolae_shop_rolling_square
D:9:      layout_gridville, erik_lair_orcish_takeover, nicolae_benzene_ring
D:10:     layout_loops_ring, serial_shops, shop, dreamdust_princess_corridor,
          minmay_hedge_maze, dreamdust_wishing_well
D:11:     layout_cave_pools, orc_0_dummy, serial_shops, shop
Temple:   pdpol_scorched_temple

Skill      XL: |  1  2  3  4  5  6  7  8  9 10 |
---------------+-------------------------------+-----
Dodging        | 1 2 3 4 5 |  5.5
Armour         | 2 3 4 5 |  5.8
Polearms       | 1 2 3 4 5 |  5.3
Fighting       | 4 5 6 |  6.8
Axes           | 4 5 6 |  6.8
Stealth        | 1 2 3 |  3.7
Spellcasting   | 1 2 3 |  3.3
Translocations | 1 2 4 |  4.7
Evocations     | 1 2 3 4 |  4.4
Unarmed Combat | 1 |  1.6

Action                     |  1- 3 |  4- 6 |  7- 9 | 10-12 || total
---------------------------+-------+-------+-------+-------++-------
  Melee: Hand axe          |    49 |   120 |   354 |   161 ||   684
         Dagger            |    40 |   113 |    64 |       ||   217
         Rapier            |       |       |   172 |       ||   172
         Headbutt          |       |       |    44 |    13 ||    57
         Whip              |       |       |   103 |   157 ||   260
  Throw: Dart              |       |     4 |       |       ||     4
    Use: Potion            |       |     2 |    12 |     8 ||    22
         Scroll            |       |     3 |    10 |    11 ||    24
   Stab: Sleeping          |     1 |     4 |       |       ||     5
         Petrified         |       |       |     9 |       ||     9
         Invisible         |       |       |    13 |       ||    13
         Confused          |       |       |     1 |    17 ||    18
         Petrifying        |       |       |     3 |       ||     3
 Armour: Leather armour    |    25 |       |       |       ||    25
         Chain mail        |    13 |   103 |   371 |       ||   487
         Robe              |       |    14 |       |       ||    14
         Scale mail        |       |       |    55 |   216 ||   271
  Dodge: Dodged            |    28 |    58 |   200 |   106 ||   392

Table legend: (Time is in decaauts)
 A = Elapsed time spent in this place.
 B = Non-inter-level travel time spent in this place.
 C = Inter-level travel time spent in this place.
 D = Time resting spent in this place.
 E = Time spent auto-exploring this place.
 F = Levels seen in this place.
 G = Mean time per level.
                   A        B        C        D        E       F      G
               +--------+--------+--------+--------+--------+-----+--------+
         Total |  10389 |   9924 |    465 |    851 |   7105 |  14 |  742.1 |
       Dungeon |   9612 |   9147 |    465 |    748 |   6682 |  11 |  873.8 |
        Temple |      1 |      1 |      0 |      0 |      0 |   1 |    1.0 |
         Sewer |    533 |    533 |      0 |     65 |    315 |   1 |  533.0 |
       Ossuary |    241 |    241 |      0 |     38 |    107 |   1 |  241.0 |
               +--------+--------+--------+--------+--------+-----+--------+

Top non-repeatable levels by time:
    D:10: 1648 daAuts
     D:4: 1400 daAuts
     D:5: 1084 daAuts
     D:6: 1041 daAuts
     D:3: 850 daAuts
     D:8: 849 daAuts
     D:2: 800 daAuts
     D:7: 656 daAuts
     D:9: 629 daAuts
     D:1: 618 daAuts
   Sewer: 533 daAuts
 Ossuary: 241 daAuts
    D:11: 32 daAuts
  Temple: 1 daAuts
